 Dungeon Crawl Stone Soup version 0.29.1-15-g9cfb28693d (webtiles) character file.

Game seed: 16316208937160741287

3044 Heoruswealwe the Thaumaturge (level 9, -11/45 HPs)
             Began as a Deep Elf Earth Elementalist on Apr 14, 2023.
             Was a Believer of Vehumet.
             Mangled by a two-headed ogre
             ... wielding a +0 halberd
              (18 damage)
             ... in a bailey.
             The game lasted 01:08:45 (6517 turns).

Heoruswealwe the Thaumaturge (DEEE)                 Turns: 6517, Time: 01:08:46

Health: -11/45     AC:  8    Str:  5    XL:     9   Next: 56%
Magic:  23/27      EV: 12    Int: 25    God:    Vehumet [**....]
Gold:   377        SH:  0    Dex: 15    Spells: 23/33 levels left

rFire   . . .      SeeInvis .   b - +0 long sword (holy)
rCold   . . .      Faith    .   (no shield)
rNeg    . . .      Spirit   .   c - +0 steam dragon scales
rPois   .          Reflect  .   (no helmet)
rElec   .          Harm     .   (no cloak)
rCorr   .          Rampage  .   f - +2 pair of gloves
Will    .....                   (no boots)
Stlth   ++........              (no amulet)
HPRegen 0.15/turn               (no ring)
MPRegen 0.20/turn               (no ring)

@: no status effects
A: no striking features
a: Renounce Religion


You were in a bailey.
You worshipped Vehumet.
Vehumet was pleased with you.
You visited 2 branches of the dungeon, and saw 8 of its levels.
You also visited: Bailey.

You collected 377 gold pieces.

Inventory:

Hand Weapons
 b - a +0 long sword of holy wrath (weapon)
Armour
 c - +0 steam dragon scales (worn)
 f - a +2 pair of gloves (worn)
Wands
 a - a wand of mindburst (14)
 e - a wand of charming (3)
 v - a wand of iceblast (1)
 y - a wand of acid (13)
 C - a wand of flame (31)
Scrolls
 h - 4 scrolls of amnesia {unknown}
 n - 2 scrolls of enchant weapon {unknown}
 q - 2 scrolls of teleportation {unknown}
 t - 2 scrolls of poison {unknown}
 F - a scroll of brand weapon
Potions
 i - 2 potions of magic
 j - 5 potions of curing {unknown}
 k - 3 potions of lignification {unknown}
 m - a potion of haste {unknown}
 s - 2 potions of brilliance {unknown}
 z - a potion of flight {unknown}
 A - a potion of mutation {unknown}
 B - 3 potions of berserk rage {unknown}
 E - a potion of resistance {unknown}


   Skills:
 - Level 2.4 Dodging
 - Level 2.4 Stealth
 + Level 12.6 Spellcasting
 - Level 1.1 Transmutations
 + Level 10.9 Earth Magic


You had 23 spell levels left.
You knew the following spells:

 Your Spells              Type           Power      Damage    Failure   Level
a - Sandblast             Erth           100%       2d20      1%          1
b - Stone Arrow           Conj/Erth      86%        3d12      1%          3
c - Petrify               Tmut/Erth      45%        N/A       3%          4
z - Passwall              Tmut/Erth      37%        N/A       1%          2

Your spell library contained the following spells:

 Spells                   Type           Power      Damage    Failure   Level
 Shock                    Conj/Air       60%        1d6       3%          1
 Slow                     Hex            60%        N/A       3%          1
 Confusing Touch          Hex            15%        N/A       12%         3
 Vampiric Draining        Necr           15%        2d7       12%         3


Dungeon Overview and Level Annotations

Branches:
Dungeon (7/15)             Temple (1/1) D:4          Bailey (1/1)

Altars:
Ashenzari
Cheibriados
Dithmenos
Elyvilon
Fedhas
Gozag
Hepliaklqana
Kikubaaqudgha
Makhleb
Okawaru
Qazlal
Ru
Sif Muna
Uskayaw
Vehumet
Wu Jian
Xom
Yredelemnul
Zin
The Shining One


Message History

Vehumet accepts your kill. The spriggan barely misses you.
The blast of sand hits the spriggan!
The spriggan is moderately wounded.
The spriggan hits you from afar with a +0 trident.
The spriggan misses you.
The two-headed ogre hits you from afar with a +0 halberd.
The two-headed ogre hits you from afar with a +0 glaive!
You are too injured to fight recklessly!
Okay, then.
As you read the scroll of fear, it crumbles to dust.
You assume a fearsome visage.
The two-headed ogre looks frightened!
The spriggan looks frightened!
Casting: Sandblast (safe; 1% risk of failure)
Confirm with . or Enter, or press ? or * to list all spells.
Aiming: Sandblast (safe; 1% risk of failure)
Press: ? - help, Shift-Dir - straight line, f - two-headed ogre, p - spriggan
Aim: a two-headed ogre, wielding a +0 halberd and a +0 glaive (fleeing, 93% to hit)
The blast of sand hits the two-headed ogre.
The two-headed ogre is lightly wounded.
Your attack snaps the two-headed ogre out of its fear.
The spriggan begs, "Please don't kill me!"
Casting: Sandblast (safe; 1% risk of failure)
Confirm with . or Enter, or press ? or * to list all spells.
Aiming: Sandblast (safe; 1% risk of failure)
Press: ? - help, Shift-Dir - straight line, f/p - two-headed ogre
Aim: a two-headed ogre, wielding a +0 halberd and a +0 glaive (lightly wounded, 93% to hit)
The blast of sand misses the two-headed ogre.
The two-headed ogre hits you from afar with a +0 halberd!
* * * LOW HITPOINT WARNING * * *
The two-headed ogre closely misses you.
Casting: Sandblast (safe; 1% risk of failure)
Confirm with . or Enter, or press ? or * to list all spells.
Aiming: Sandblast (safe; 1% risk of failure)
Press: ? - help, Shift-Dir - straight line, f/p - two-headed ogre
Aim: a two-headed ogre, wielding a +0 halberd and a +0 glaive (lightly wounded, 93% to hit)
The blast of sand hits the two-headed ogre but does no damage.
The two-headed ogre is lightly wounded.
The two-headed ogre hits you from afar with a +0 halberd!!
You die...

#...#.. .##..###.....##
#...♣.♣ ..#..~~~..∩...#
#..~#.♣ ..♣..~~~......#
#..~~.♣ ..♣..~~~......#
#..~♣.♣ ..#..~~~......#
#)).#.♣♣ ♣♣).#..~~~..∩...#
#...#..♣#♣♣♣O.##..###.....##
##†.##.......##).## #.....#
##.[##....@##).## ##...##
##..#######..## ##.##
##.........## ###
##.......## #########


You could see a two-headed ogre.

Vanquished Creatures
  Maggie (D:7)
  4 spriggans (Bailey)
  A steam dragon (Bailey)
  2 water moccasins (D:6)
  2 black bears (D:6)
  4 ogres
  2 centaurs (D:5)
  A phantom (D:5)
  A bullfrog (D:4)
  2 necrophages
  A gnoll sergeant (D:5)
  3 scorpions
  A hound (D:5)
  An orc priest (D:5)
  3 jellies (D:6)
  7 iguanas
  5 orc wizards
  3 gnolls (D:5)
  8 adders
  2 dart slugs
  15 orcs
  9 ball pythons
  8 bats
  6 endoplasms
  A giant cockroach (D:3)
  13 goblins
  2 hobgoblins
  3 jackals
  2 quokkas (D:3)
  2 frilled lizards
  12 kobolds
  2 rats
129 creatures vanquished.

Vanquished Creatures (others)
  18 plants (D:4)
18 creatures vanquished.

Grand Total: 147 creatures vanquished

Notes
Turn   | Place    | Note
-------+----------+-------------------------------------------
     0 | D:1      | Heoruswealwe the Deep Elf Earth Elementalist began the
                  | quest for the Orb.
     0 | D:1      | Reached XP level 1. HP: 10/10 MP: 6/6
   290 | D:1      | Reached XP level 2. HP: 15/15 MP: 3/8
   293 | D:1      | Learned a level 2 spell: Passwall
   829 | D:1      | Reached skill level 4 in Spellcasting
  1138 | D:2      | Reached XP level 3. HP: 19/19 MP: 8/10
  1142 | D:2      | Learned a level 3 spell: Stone Arrow
  1310 | D:2      | Noticed an ogre
  1317 | D:2      | Killed an ogre
  1318 | D:2      | Reached skill level 5 in Spellcasting
  1318 | D:2      | Reached XP level 4. HP: 24/24 MP: 7/13
  1324 | D:2      | Learned a level 4 spell: Petrify
  1483 | D:2      | Found a sacrificial altar of Ru.
  1907 | D:3      | Found a hazy altar of Hepliaklqana.
  1932 | D:3      | Reached skill level 5 in Earth Magic
  1944 | D:3      | Reached XP level 5. HP: 28/28 MP: 12/14
  2096 | D:3      | Found a shimmering altar of Xom.
  2096 | D:3      | Found an ornate altar of the Wu Jian Council.
  2438 | D:3      | Found an opulent altar of Gozag.
  2685 | D:4      | Found a staircase to the Ecumenical Temple.
  2724 | Temple   | Entered the Ecumenical Temple
  2741 | Temple   | Became a worshipper of Vehumet
  2843 | D:4      | Reached skill level 6 in Spellcasting
  2843 | D:4      | Reached XP level 6. HP: 32/32 MP: 14/17
  2969 | D:4      | You fall into a shaft and drop 2 floors!
  3051 | D:6      | Reached skill level 7 in Spellcasting
  3061 | D:6      | Noticed a water moccasin
  3068 | D:6      | Killed a water moccasin
  3069 | D:6      | Reached XP level 7. HP: 4/36 MP: 10/19
  3078 | D:6      | HP: 1/36 [poisoned by a water moccasin]
  3512 | D:6      | Found a shimmering blue altar of Sif Muna.
  3595 | D:6      | Reached skill level 8 in Spellcasting
  4251 | D:5      | Entered Level 5 of the Dungeon
  4254 | D:5      | Reached skill level 9 in Spellcasting
  4271 | D:5      | Reached * piety under Vehumet
  4271 | D:5      | Offered knowledge of Freeze by Vehumet.
  4272 | D:5      | Reached XP level 8. HP: 27/41 MP: 17/23
  4296 | D:5      | Found a blossoming altar of Fedhas.
  4389 | D:5      | Reached skill level 10 in Spellcasting
  5777 | D:7      | Noticed Maggie
  5784 | D:7      | Killed Maggie
  5785 | D:7      | Reached skill level 11 in Spellcasting
  5785 | D:7      | Reached XP level 9. HP: 45/45 MP: 22/26
  5850 | D:7      | Found a burning altar of Makhleb.
  6167 | D:7      | Found a flagged portal.
  6202 | Bailey   | Entered a bailey
  6223 | Bailey   | Reached skill level 10 in Earth Magic
  6243 | Bailey   | Offered knowledge of Shock by Vehumet.
  6244 | Bailey   | Reached skill level 12 in Spellcasting
  6427 | Bailey   | Reached ** piety under Vehumet
  6509 | Bailey   | Noticed a two-headed ogre
  6517 | Bailey   | Mangled by a two-headed ogre

Illustrated notes

Levels and vault maps discovered:
D:1:      minmay_arrival_five_plusses, layout_basic, columned_hall_lemuel,
          minmay_misc_feat_rugged, minmay_pentomino_r4
D:2:      kb_forest_paths, layout_basic, basic_altar
D:3:      layout_loops_ring, grunt_gozag_breadcrumbs,
          mainiacjoe_overflow_alcove_1, gammafunk_temple_overflow_pools,
          minmay_increasing_density
D:4:      layout_rooms, temple_fountains, guppyfry_early_lair_pool
D:5:      layout_rooms, fedhas_altar_2, st_stairs_8
D:6:      nicolae_cairo_tiling_very_big, layout_basic, lemuel_round_altar,
          minmay_diced_spiral
D:7:      layout_loops_corners, lightli_temple_of_fire, enter_bailey_5,
          nicolae_elevator_lobby_plus, uniq_maggie
Temple:   cyrus_circular_temple
Bailey:   bailey_polearm_enchanted_keep_hellmonk, bailey

Skill      XL: |  1  2  3  4  5  6  7  8  9 |
---------------+----------------------------+-----
Spellcasting   | 4 5 6 7 9 11 12 | 12.6
Earth Magic    | 4 5 6 8 9 10 | 10.9
Dodging        | |  2.4
Stealth        | |  2.4
Transmutations | |  1.1

Action                   |  1- 3 |  4- 6 |  7- 9 || total
-------------------------+-------+-------+-------++-------
Melee: Long sword        |       |       |    64 ||    64
       Punch             |       |       |     1 ||     1
 Cast: Sandblast         |    32 |    68 |   106 ||   206
       Passwall          |     4 |     4 |     1 ||     9
  Use: Scroll            |       |       |    10 ||    10
       Potion            |       |       |     3 ||     3
Armor: Robe              |     1 |     5 |     8 ||    14
Dodge: Dodged            |     5 |     5 |    29 ||    39
